 Dungeon Crawl Stone Soup version 0.26-a0-757-g626ac9e51a (webtiles) character file.

Game seed: 13349518258767137407

24 tatingo the Bolt Thrower (level 2, 0/22 HPs)
             Began as a Demonspawn Hunter on Nov 7, 2020.
             Succumbed to an adder's poison
             ... on level 1 of the Dungeon.
             The game lasted 00:01:59 (1037 turns).

tatingo the Bolt Thrower (Demonspawn Hunter)        Turns: 1037, Time: 00:01:59

Health: 0/22       AC:  3    Str: 12    XL:     2   Next: 79%
Magic:  2/2        EV: 12    Int: 12    God:
Gold:   13         SH:  0    Dex: 13    Spells: 1/1 levels left

rFire    . . .     SeeInvis .   b - +0 short sword
rCold    . . .     Faith    .   (no shield)
rNeg     . . .     Spirit   .   c - +0 leather armour
rPois    .         Reflect  .   (no helmet)
rElec    .         Harm     .   (no cloak)
rCorr    .         Rampage  .   (no gloves)
MR       .....                  (no boots)
Stlth    +.........             (no amulet)
HPRegen  0.07/turn              (no ring)
MPRegen  0.08/turn              (no ring)

@: lethally poisoned (0 -> -8)
A: powered by death 1
a: no special abilities


You were on level 1 of the Dungeon.
You visited 1 branch of the dungeon, and saw 2 of its levels.

You collected 13 gold pieces.

Inventory:

Hand Weapons
 a - a +1 hand crossbow
 b - a +0 short sword (weapon)
Missiles
 d - 36 bolts
Armour
 c - a +0 leather armour (worn)
Scrolls
 e - 2 scrolls of identify {unknown}
 f - a scroll of teleportation {unknown}


   Skills:
 * Level 2.2 Fighting
 + Level 0.3 Short Blades
 + Level 4.0 Crossbows
 + Level 0.2 Armour
 + Level 1.7 Dodging
 * Level 1.3 Stealth


You had one spell level left.
You didn't know any spells.
Your spell library was empty.

Dungeon Overview and Level Annotations

Branches:
Dungeon (2/15)

Altars:


Innate Abilities, Weirdness & Mutations

You regenerate a little health from kills.


Message History

You feel sick. The adder misses you.
You are too injured to fight recklessly!
The adder bites you.
You are lethally poisoned!
The adder poisons you!
You feel sick.
You aren't carrying any potions.
You feel sick.
You feel sick. The adder barely misses you.
You feel sick.
* * * LOW HITPOINT WARNING * * *
You feel sick.
* * * LOW HITPOINT WARNING * * *
You feel sick.
There is a stone staircase leading up here.
* * * LOW HITPOINT WARNING * * *
You feel sick. The adder bites you.
* * * LOW HITPOINT WARNING * * *
You climb upwards.
You die...

#.................###########.#.
#.#####.#.#.#####.# #.#. #.#
#.#.#.## #.# #.#. #.#
#.#....####.# ##### #.#. #.#
#.#.......#.# #...# #.#. #.#
#.#....##.#.# #...# #.#. #.#
#.#.........###...## #.#. #.#
##'##.>.##.#........####.#. #.#
#.........@................
##.####....#####S####............
.....(.................(.........
#######....###...####............
#..#.....+.....................
#..#.....####..########.###....
#..#...........# #.............
###..#.....####.####.##..........
...........+......##.##..........


You could see an adder.

Vanquished Creatures
  An ooze (D:1)
  A leopard gecko (D:1)
  2 bats (D:1)
  2 giant cockroaches (D:1)
  A goblin (D:1)
  2 hobgoblins (D:1)
  A ball python (D:1)
  A frilled lizard (D:1)
  4 kobolds (D:1)
  4 rats (D:1)
19 creatures vanquished.

Notes
Turn   | Place    | Note
-------+----------+-------------------------------------------
     0 | D:1      | tatingo the Demonspawn Hunter began the quest for the Orb.
     0 | D:1      | Reached XP level 1. HP: 16/16 MP: 1/1
    88 | D:1      | Reached skill level 1 in Stealth
   119 | D:1      | Gained mutation: You regenerate a little health from kills.
                  | [demonic ancestry]
   119 | D:1      | Reached XP level 2. HP: 22/22 MP: 2/2
   246 | D:1      | Reached skill level 4 in Crossbows
  1036 | D:2      | HP: 1/22 [adder (3)]
  1037 | D:1      | Succumbed to an adder's poison

Illustrated notes

Levels and vault maps discovered:
D:1:      lightli_arrival_boilingwater, layout_basic
D:2:      layout_loops_ring, kennysheep_ying_yang, lemuel_round_altar

Skill      XL: |  1  2 |
---------------+-------+-----
Stealth        | 1 |  1.3
Crossbows      | 4 |  4.0
Fighting       | |  2.2
Short Blades   | |  0.3
Armour         | |  0.2
Dodging        | |  1.7

Action                   || total
-------------------------++-------
Melee: Short sword       ||    51
 Fire: Hand crossbow     ||     4
 Stab: Sleeping          ||     2
Armor: Leather armour    ||    11
Dodge: Dodged            ||    29

Table legend: (Time is in decaauts)
 A = Elapsed time spent in this place.
 B = Non-inter-level travel time spent in this place.
 C = Inter-level travel time spent in this place.
 D = Time resting spent in this place.
 E = Time spent auto-exploring this place.
 F = Levels seen in this place.
 G = Mean time per level.
                   A        B        C        D        E       F      G
               +--------+--------+--------+--------+--------+-----+--------+
         Total |   1044 |    987 |     57 |      0 |    843 |   2 |  522.0 |
       Dungeon |   1044 |    987 |     57 |      0 |    843 |   2 |  522.0 |
               +--------+--------+--------+--------+--------+-----+--------+

Top non-repeatable levels by time:
     D:1: 1019 daAuts
     D:2: 25 daAuts
